 Dungeon Crawl Stone Soup version 0.27-a0-1529-g1e82c303ef (webtiles) character file.

Game seed: 3021749095823926027

10034 Leibowitz the Covert (level 11, -17/69 HPs)
             Began as a Kobold Gladiator on July 12, 2021.
             Was a Believer of Wu Jian.
             Demolished by a two-headed ogre (19 damage)
             ... on level 11 of the Dungeon.
             The game lasted 00:22:45 (9892 turns).

Leibowitz the Covert (Kobold Gladiator)             Turns: 9892, Time: 00:22:47

Health: -17/69     AC: 12    Str: 21    XL:     11   Next: 85%
Magic:  0/11       EV: 22    Int:  9    God:    Wu Jian [**....]
Gold:   560        SH:  0    Dex: 31    Spells: 10/10 levels left

rFire    . . .     SeeInvis .   a - +2 short sword (venom)
rCold    . . .     Faith    .   (shield restricted)
rNeg     . . .     Spirit   +   e - +1 scale mail {rPois}
rPois    +         Reflect  .   c - +1 helmet
rElec    .         Harm     .   (no cloak)
rCorr    .         Rampage  .   w - +0 pair of gloves of Mecok {Drain Str+3 Dex+5}
Will     .....                  (no boots)
Stlth    ++++++....             i - amulet of guardian spirit
HPRegen  0.21/turn              l - +6 ring of dexterity
MPRegen  0.12/turn              q - +6 ring of strength

@: mighty, very slightly contaminated
A: small, no large weapons, nightstalker 3
a: Renounce Religion, Wall Jump


You were on level 11 of the Dungeon.
You worshipped Wu Jian.
Wu Jian was pleased with you.
You visited 2 branches of the dungeon, and saw 12 of its levels.

You collected 560 gold pieces.

Inventory:

Hand Weapons
 a - a +2 short sword of venom (weapon)
 j - a +0 rapier
 E - a +0 hand axe of flaming
Missiles
 b - 7 datura-tipped darts
 d - 3 throwing nets (quivered)
Armour
 c - a +1 helmet (worn)
 e - a +1 scale mail of poison resistance (worn)
 w - the +0 pair of gloves of Mecok (worn) {Drain Str+3 Dex+5}
   (You found it on level 7 of the Dungeon)

   Str:       It affects your strength (+3).
   Dex:       It affects your dexterity (+5).
   Drain:     It drains your maximum health when unequipped.
Jewellery
 f - a +6 ring of strength
 i - an amulet of guardian spirit (around neck)
 l - a +6 ring of dexterity (left hand)
 q - a +6 ring of strength (right hand)
 C - a ring of willpower
Wands
 o - a wand of flame (29)
 A - a wand of digging (5)
 D - a wand of paralysis (7)
Scrolls
 n - 2 scrolls of enchant weapon
Potions
 k - 4 potions of curing
 s - 4 potions of haste
 u - a potion of flight
 v - a potion of might
 z - a potion of magic
 B - a potion of attraction {unknown}


   Skills:
 * Level 8.4 Fighting
 * Level 12.5 Short Blades
 - Level 2.1 Throwing
 * Level 6.6 Armour
 * Level 9.4 Dodging
 * Level 13.1 Stealth


You had 10 spell levels left.
You didn't know any spells.
Your spell library contained the following spells:

 Spells                   Type           Power      Damage    Failure   Level
 Magic Dart               Conj           0%         1d3       69%         1
 Blink                    Tloc           N/A        N/A       83%         2
 Call Imp                 Summ           0%         N/A       83%         2
 Slow                     Hex            0%         N/A       83%         2
 Static Discharge         Conj/Air       0%         N/A       83%         2
 Confusing Touch          Hex            0%         N/A       96%         3
 Dazzling Flash           Conj/Hex       0%         N/A       96%         3
 Frozen Ramparts          Ice            0%         1d2       96%         3
 Lesser Beckoning         Tloc           0%         N/A       96%         3
 Mephitic Cloud           Conj/Pois/Air  0%         N/A       96%         3
 Summon Guardian Golem    Hex/Summ       0%         N/A       96%         3
 Ice Form                 Ice/Tmut       0%         N/A       100%        4
 Iskenderun's Mystic Bla  Conj/Tloc      0%         2d3       100%        4
 Summon Ice Beast         Ice/Summ       0%         N/A       100%        4
 Lightning Bolt           Conj/Air       0%         1d11      100%        5
 Manifold Assault         Tloc           0%         N/A       100%        5
 Yara's Violent Unravell  Hex/Tmut       0%         3d3       100%        5
 Starburst                Conj/Fire      0%         8x6d3     100%        6
 Orb of Destruction       Conj           0%         N/A       100%        7
 Spellforged Servitor     Conj/Summ      0%         N/A       100%        7
 Maxwell's Capacitive Co  Air            0%         ∞         100%        8


Dungeon Overview and Level Annotations

Branches:
Dungeon (11/15)            Temple (1/1) D:4
   Lair: D:8-11         Orc: D:9-12

Altars:
Ashenzari
Cheibriados
Dithmenos
Elyvilon
Fedhas
Gozag
Hepliaklqana
Kikubaaqudgha
Makhleb
Nemelex Xobeh
Okawaru
Qazlal
Ru
Sif Muna
Trog
Uskayaw
Vehumet
Wu Jian
Xom
Yredelemnul
Zin
The Shining One

Portals:
Trove: D:10 (give 6 scrolls of fog)

Annotations:
D:10 3 runed translucent doors, Vbesf's ghost, journeyman MiBe


Innate Abilities, Weirdness & Mutations

You are small and have problems with some larger weapons.
You are completely attuned to the shadows.


Message History

The manticore closely misses you. The manticore misses you.
The manticore barely misses you.
You hit the manticore but do no damage.
The manticore is moderately wounded.
The two-headed ogre completely misses you.
The two-headed ogre hits you with a +0 giant club!
You puncture the manticore!
The manticore is heavily wounded.
The manticore completely misses you. The manticore claws you!
The manticore claws you but does no damage.
You puncture the manticore!
The manticore is heavily wounded.
The two-headed ogre barely misses you.
The two-headed ogre hits you with a +0 giant club!
You hit the manticore but do no damage.
The manticore looks as sick as possible!
The manticore is severely wounded.
The manticore completely misses you.
The manticore claws you but does no damage.
The manticore closely misses you.
You hit the manticore.
The manticore looks as sick as possible!
The manticore is severely wounded.
You barely miss the manticore.
The manticore is almost dead.
The manticore closely misses you. The manticore barely misses you.
The manticore misses you.
The two-headed ogre hits you with a +0 dire flail!
* * * LOW HITPOINT WARNING * * *
The two-headed ogre hits you with a +0 giant club!!
* * * LOW HITPOINT WARNING * * *
Unknown command.
Okay, then.
It was a potion of might.
You feel very mighty all of a sudden. The manticore bites you.
* * * LOW HITPOINT WARNING * * *
The manticore misses you. x2
The two-headed ogre hits you with a +0 dire flail!!
You die...

.#######...
............
......#.....
...#..#H)...
.......@O...
.....######+
...#.#
.....#
#....#
#..#.#
#....######.
####.......#
#.#.....#


You could see a two-headed ogre and a manticore (extremely poisoned).

Vanquished Creatures
  A centaur warrior (D:9)
  Urug (D:11)
  2 manticores
  A water nymph (shapeshifter) (D:9)
  An unseen horror (D:10)
  A kobold demonologist (D:6)
  A hornet (D:9)
  5 yaks (D:10)
  2 wyverns
  Eustachio (D:4)
  A steam dragon (D:8)
  2 water moccasins
  2 orc warriors (D:7)
  A black bear (D:5)
  A necrophage (D:6)
  2 ogres
  2 centaurs
  A kobold brigand (D:8)
  2 bullfrogs
  A scorpion (D:7)
  3 howler monkeys (D:10)
  A bullfrog zombie (D:7)
  3 centaur zombies
  4 orc priests
  2 centaur skeletons
  4 hounds
  4 jellies
  3 iguanas
  7 orc wizards
  A scorpion zombie (D:5)
  A hound skeleton (D:4)
  A howler monkey zombie (D:7)
  8 adders
  3 ufetubi
  A worm (D:2)
  4 dart slugs
  28 orcs
  4 endoplasms
  4 giant cockroaches
  7 goblins
  9 hobgoblins
  2 jackals (D:2)
  A quokka (D:4)
  10 ball pythons
  9 bats
  3 frilled lizards
  25 kobolds
  6 rats
189 creatures vanquished.

Vanquished Creatures (others)
  14 fungi
  8 plants
22 creatures vanquished.

Grand Total: 211 creatures vanquished

Notes
Turn   | Place    | Note
-------+----------+-------------------------------------------
     0 | D:1      | Leibowitz the Kobold Gladiator began the quest for the Orb.
     0 | D:1      | Reached XP level 1. HP: 12/12 MP: 1/1
    62 | D:1      | Reached XP level 2. HP: 17/17 MP: 2/2
   481 | D:1      | Reached skill level 1 in Stealth
   481 | D:1      | Reached XP level 3. HP: 18/22 MP: 3/3
   976 | D:2      | Reached XP level 4. HP: 24/27 MP: 4/4
  1054 | D:2      | Reached skill level 5 in Short Blades
  1054 | D:2      | Reached skill level 2 in Stealth
  1306 | D:2      | You fall into a shaft and drop 2 floors!
  1364 | D:4      | Reached skill level 1 in Armour
  1364 | D:4      | Reached XP level 5. HP: 11/31 MP: 5/5
  1622 | D:3      | Reached skill level 3 in Stealth
  1723 | D:2      | Found a faded altar of an unknown god.
  2665 | D:4      | Reached XP level 6. HP: 37/37 MP: 6/6
  2863 | D:4      | Noticed an ogre
  2869 | D:4      | Killed an ogre
  2870 | D:4      | Reached skill level 4 in Stealth
  3051 | D:4      | Noticed Eustachio
  3053 | D:4      | Killed Eustachio
  3054 | D:4      | Reached skill level 5 in Stealth
  3054 | D:4      | Reached XP level 7. HP: 41/41 MP: 7/7
  3233 | D:4      | Found a staircase to the Ecumenical Temple.
  3239 | Temple   | Entered the Ecumenical Temple
  3429 | Temple   | Became a worshipper of the Wu Jian Council
  3767 | D:5      | Entered Level 5 of the Dungeon
  3920 | D:5      | Noticed a water moccasin
  3929 | D:5      | Reached skill level 6 in Stealth
  3936 | D:5      | Killed a water moccasin
  3937 | D:5      | Reached skill level 5 in Dodging
  4186 | D:5      | Reached XP level 8. HP: 38/48 MP: 8/8
  4327 | D:5      | Reached skill level 7 in Stealth
  4745 | D:6      | Noticed a kobold demonologist
  4750 | D:6      | Noticed a rust devil
  4757 | D:6      | Noticed an orange demon
  4762 | D:6      | Killed a kobold demonologist
  4763 | D:6      | Reached skill level 8 in Stealth
  5135 | D:6      | Reached * piety under Wu Jian
  5136 | D:6      | Reached XP level 9. HP: 52/52 MP: 9/9
  5711 | D:7      | Reached skill level 9 in Stealth
  6377 | D:7      | Identified the +0 pair of gloves of Mecok {Drain Str+3
                  | Dex+5}
  6621 | D:7      | Reached skill level 10 in Stealth
  6630 | D:7      | Reached skill level 5 in Fighting
  6661 | D:7      | Found a shadowy altar of Dithmenos.
  6664 | D:7      | Found a shimmering blue altar of Sif Muna.
  7630 | D:8      | Reached XP level 10. HP: 40/59 MP: 7/10
  7646 | D:8      | Reached ** piety under Wu Jian
  7937 | D:8      | Reached skill level 11 in Stealth
  8194 | D:9      | Reached skill level 10 in Short Blades
  8199 | D:9      | Reached skill level 5 in Armour
  8199 | D:9      | Reached skill level 12 in Stealth
  8199 | D:9      | Reached XP level 11. HP: 68/68 MP: 11/11
  8553 | D:9      | Noticed a centaur warrior
  8554 | D:9      | Noticed a brown ugly thing
  8555 | D:9      | Noticed a centaur warrior
  8556 | D:9      | Noticed a manticore
  8556 | D:9      | Noticed a deep elf pyromancer
  8556 | D:9      | Noticed a centaur warrior
  8560 | D:9      | Noticed a green ugly thing
  8574 | D:9      | Killed a centaur warrior
  8614 | D:9      | Killed a manticore
  8881 | D:10     | Entered Level 10 of the Dungeon
  9015 | D:10     | Found a runed translucent gate.
  9016 | D:10     | Found a runed translucent gate.
  9017 | D:10     | Found a runed translucent gate.
  9138 | D:10     | Noticed a manticore
  9148 | D:10     | Killed a manticore
  9357 | D:10     | Reached skill level 13 in Stealth
  9619 | D:10     | Found a portal to a secret trove of treasure.
  9795 | D:10     | Noticed Vbesf's ghost (journeyman MiBe)
  9876 | D:11     | Noticed Urug
  9876 | D:11     | Noticed a manticore
  9878 | D:11     | Noticed a two-headed ogre
  9880 | D:11     | Killed Urug
  9891 | D:11     | HP: 2/69 [two-headed ogre (16)]
  9892 | D:11     | Demolished by a two-headed ogre

Illustrated notes

Levels and vault maps discovered:
D:1:      dpeg_arrival_simpleton_c, layout_basic
D:2:      minmay_kobold_bridge, layout_rooms, dreamdust_ecumenical_altar_grove
D:3:      layout_rooms
D:4:      layout_loops_cross, lemuel_temple_firewalk_b, serial_aquarium,
          aquarium_bridge_long_separate [aquarium_subvault_bridge,
          aquarium_subvault_wall, aquarium_subvault_bridge,
          aquarium_subvault_wall, aquarium_subvault_wall,
          aquarium_subvault_bridge], aquarium_window_3, aquarium_window_2,
          aquarium_window_fake, aquarium_window_1, aquarium_view_2d,
          aquarium_view_2g, aquarium_pool_corner, minmay_stone_trees_small,
          chequers_decorated_corner, uniq_eustachio
D:5:      layout_loops_ring, hangedman_abyss_or_decor_slice
D:6:      layout_loops_ring
D:7:      layout_rooms, jmf_multi_god_temple, minivault_24,
          chequers_serial_rivers_small_3
D:8:      layout_loops_ring
D:9:      minmay_the_grid_triangle_9x9_recursive_2_mashed
          [minmay_the_grid_triangle_9x9_prize_center,
          minmay_the_grid_triangle_9x9_wacky_v,
          minmay_the_grid_triangle_9x9_empty,
          minmay_the_grid_triangle_9x9_corrupted_corridor], layout_basic
D:10:     layout_small_grid, gammafunk_ghost_nasty_kobolds, enter_trove_2
D:11:     layout_stronghold, erik_lair_island, uniq_nergalle, uniq_gastronok,
          uniq_urug
Temple:   regret_index_temple_chain_breaker

Skill      XL: |  1  2  3  4  5  6  7  8  9 10 11 |
---------------+----------------------------------+-----
Dodging        | 4 5 6 9 |  9.4
Stealth        | 1 2 3 5 6 8 10 12 13 | 13.1
Short Blades   | 5 6 7 8 9 11 12 | 12.5
Armour         | 1 2 3 5 6 |  6.6
Fighting       | 3 4 5 7 8 |  8.4
Throwing       | |  2.1

Action                   |  1- 3 |  4- 6 |  7- 9 | 10-12 || total
-------------------------+-------+-------+-------+-------++-------
Melee: Rapier            |    54 |       |       |       ||    54
       Short sword       |    19 |   104 |   261 |   130 ||   514
Invok: Lunge             |       |       |    22 |     8 ||    30
       Whirlwind         |       |       |     6 |     7 ||    13
Evoke: Wand              |       |     2 |       |       ||     2
  Use: Scroll            |       |       |       |    14 ||    14
       Potion            |       |       |       |     7 ||     7
 Stab: Sleeping          |    11 |    17 |    25 |     8 ||    61
       Distracted        |       |     1 |     5 |     2 ||     8
Armor: Leather armour    |    23 |    15 |    21 |     2 ||    61
       Scale mail        |       |       |       |    22 ||    22
Dodge: Dodged            |    73 |    63 |   117 |    93 ||   346

Table legend: (Time is in decaauts)
 A = Elapsed time spent in this place.
 B = Non-inter-level travel time spent in this place.
 C = Inter-level travel time spent in this place.
 D = Time resting spent in this place.
 E = Time spent auto-exploring this place.
 F = Levels seen in this place.
 G = Mean time per level.
                   A        B        C        D        E       F      G
               +--------+--------+--------+--------+--------+-----+--------+
         Total |   9735 |   9366 |    369 |   1650 |   6296 |  12 |  811.2 |
       Dungeon |   9530 |   9183 |    347 |   1650 |   6115 |  11 |  866.4 |
        Temple |    205 |    183 |     22 |      0 |    181 |   1 |  205.0 |
               +--------+--------+--------+--------+--------+-----+--------+

Top non-repeatable levels by time:
     D:7: 1409 daAuts
     D:8: 1101 daAuts
     D:4: 1078 daAuts
     D:5: 962 daAuts
     D:1: 954 daAuts
     D:6: 934 daAuts
    D:10: 925 daAuts
     D:2: 925 daAuts
     D:9: 605 daAuts
     D:3: 579 daAuts
  Temple: 205 daAuts
    D:11: 54 daAuts
